 Dungeon Crawl Stone Soup version 0.29.1-15-g9cfb28693d (webtiles) character file.

Game seed: 564484312661527790

9 protoss039 the Digger (level 2, 0/20 HPs)
             Began as a Demonspawn Earth Elementalist on Feb 27, 2023.
             Slain by a jackal (2 damage)
             ... on level 1 of the Dungeon.
             The game lasted 00:00:37 (143 turns).

protoss039 the Digger (DsEE)                         Turns: 143, Time: 00:00:37

Health: 0/20       AC:  2    Str:  8    XL:     2   Next: 6%
Magic:  0/5        EV: 12    Int: 16    God:
Gold:   0          SH:  0    Dex: 13    Spells: 4/5 levels left

rFire   . . .      SeeInvis .   e - +0 club
rCold   . . .      Faith    .   (no shield)
rNeg    . . .      Spirit   .   a - +0 robe
rPois   .          Reflect  .   (no helmet)
rElec   .          Harm     .   (no cloak)
rCorr   .          Rampage  .   (no gloves)
Will    .....                   (no boots)
Stlth   ++........              (no amulet)
HPRegen 0.06/turn               (no ring)
MPRegen 0.09/turn               (no ring)

@: no status effects
A: demonic magic 1
a: no special abilities


You were on level 1 of the Dungeon.
You visited 1 branch of the dungeon, and saw 1 of its levels.

Inventory:

Hand Weapons
 d - a +0 sling
 e - a +0 club (weapon)
Armour
 a - a +0 robe (worn)
Scrolls
 c - a scroll of immolation {unknown}
 g - a scroll of enchant weapon {unknown}
 h - a scroll of fear {unknown}
Potions
 b - a potion of magic
 f - a potion of heal wounds {unknown}


   Skills:
 + Level 0.8 Fighting
 - Level 1.7 Dodging
 - Level 1.7 Stealth
 + Level 2.2 Spellcasting
 - Level 0.8 Transmutations
 + Level 2.9 Earth Magic


You had 4 spell levels left.
You knew the following spells:

 Your Spells              Type           Power      Damage    Failure   Level
a - Sandblast             Erth           22%        2d7       6%          1

Your spell library contained the following spells:

 Spells                   Type           Power      Damage    Failure   Level
 Passwall                 Tmut/Erth      5%         N/A       14%         2
 Stone Arrow              Conj/Erth      12%        3d7       32%         3
 Petrify                  Tmut/Erth      7%         N/A       67%         4


Dungeon Overview and Level Annotations

Branches:
Dungeon (1/15) Zot: 5846

Altars:


Innate Abilities, Weirdness & Mutations

Spells you cast may paralyse adjacent enemies.


Message History

Unknown command.
Really attack while wielding your +0 sling? [Y]es or [N]o only, please.
Really attack while wielding your +0 sling? [Y]es or [N]o only, please.
Really attack while wielding your +0 sling?
Okay, then.
e - a +0 club (weapon)
The jackal completely misses you.
You completely miss the jackal.
The jackal is lightly wounded.
The jackal barely misses you.
Unknown command.
You hit the jackal.
The jackal is severely wounded.
The jackal barely misses you. The jackal bites you.
* * * LOW HITPOINT WARNING * * *
Unknown command.
You hit the jackal but do no damage.
The jackal is severely wounded.
The jackal closely misses you. The jackal bites you.
* * * LOW HITPOINT WARNING * * *
Unknown command.
Casting: Sandblast (safe; 6% risk of failure)
Confirm with . or Enter, or press ? or * to list all spells.
Aiming: Sandblast (safe; 6% risk of failure)
Press: ? - help, Shift-Dir - straight line, f - jackal
Aim: a jackal (severely wounded, 77% to hit)
The blast of sand hits the jackal.
You kill the jackal!
Malevolent energies surge around you. The jackal barely misses you.
Unknown command.
Unknown command.
You hit the jackal but do no damage. The jackal barely misses you.
The jackal bites you but does no damage.
You closely miss the jackal. The jackal barely misses you.
You closely miss the jackal. The jackal bites you.
* * * LOW HITPOINT WARNING * * *
The jackal bites you.
You die...

#.#.# ^.h.... #.#.#
....... #.### .w..ยง.
#####.##+##
#.....##.........##.
#...h..[............
#.....#####...#####.
.###..w#####.....####.#
........hBh@..........#
############.....######
#.[...# #.###.# #.# #.#
#.# #.# #.# #.# #.# #.#
#.# #.#


You could see a dart slug, 2 jackals and a giant cockroach.

Vanquished Creatures
  A goblin (D:1)
  A hobgoblin (D:1)
  4 jackals (D:1)
  A frilled lizard (D:1)
  A rat (D:1)
8 creatures vanquished.

Notes
Turn   | Place    | Note
-------+----------+-------------------------------------------
     0 | D:1      | protoss039 the Demonspawn Earth Elementalist began the
                  | quest for the Orb.
     0 | D:1      | Reached XP level 1. HP: 13/13 MP: 3/3
   136 | D:1      | Gained mutation: Spells you cast may paralyse adjacent
                  | enemies. [demonic ancestry]
   136 | D:1      | Reached XP level 2. HP: 8/20 MP: 0/5
   143 | D:1      | Slain by a jackal

Illustrated notes

Levels and vault maps discovered:
D:1:      wheals_arrival_linesprint, layout_loops_ring,
          hellmonk_ecumenical_altar_slurped_away

Action                   || total
-------------------------++-------
Melee: Club              ||     6
 Fire: Sling             ||    17
 Cast: Sandblast         ||     3
Armor: Robe              ||     3
Dodge: Dodged            ||    12
